 Dungeon Crawl Stone Soup version 0.27-a0-1060-gcb85b5eba1 (webtiles) character file.

Game seed: 15758715959551671972

66304 tardwrangler69 the Earth Mage (level 15, -4/109 HPs)
             Began as an Octopode Earth Elementalist on Apr 21, 2021.
             Was an Initiate of Gozag.
             Slain by a death yak (28 damage)
             ... on level 5 of the Lair of Beasts.
             The game lasted 00:45:01 (33705 turns).

tardwrangler69 the Earth Mage (OpEE)               Turns: 33705, Time: 00:45:02

Health: -4/109     AC: 11    Str: 21    XL:     15   Next: 19%
Magic:  1/25       EV: 23    Int: 28    God:    Gozag
Gold:   3199       SH:  0    Dex: 13    Spells: 13/28 levels left

rFire    + . .     SeeInvis .   U - +2 rapier (venom)
rCold    . . .     Faith    .   (no shield)
rNeg     . . .     Spirit   .   s - +2 hat
rPois    .         Reflect  .   (no amulet)
rElec    .         Harm     .   a - +6 ring of intelligence
rCorr    .         Rampage  .   l - +6 ring of strength
Will     ++...                  m - +4 ring of evasion
Stlth    +++.......             w - +4 ring of protection
HPRegen  0.28/turn              D - +4 ring of protection
MPRegen  0.19/turn              M - ring of willpower
                                H - +6 ring of strength
                                z - ring of protection from fire

@: gold aura
A: almost no armour, amphibious, 8 rings, camouflage 1, gelatinous body 1,
(nimble swimmer 1), tentacles
a: Renounce Religion, Potion Petition, Call Merchant, Bribe Branch


You were on level 5 of the Lair of Beasts.
You worshipped Gozag.
Gozag was most pleased with you.
You visited 3 branches of the dungeon, and saw 20 of its levels.

You collected 5280 gold pieces.
You spent 1450 gold pieces at shops.
You paid 631 gold pieces to Gozag.

Inventory:

Hand Weapons
 n - a +3 dagger of electrocution
 p - a +3 short sword of holy wrath
 U - a +2 rapier of venom (weapon)
Missiles
 b - 468 stones
 E - 2 atropa-tipped darts
 K - 4 curare-tipped darts
 S - 2 throwing nets
Armour
 s - a +2 hat (worn)
Magical Staves
 P - a staff of earth
Jewellery
 a - a +6 ring of intelligence (left tentacle)
 l - a +6 ring of strength (right tentacle)
 m - a +4 ring of evasion (on tentacle)
 w - a +4 ring of protection (on tentacle)
 z - a ring of protection from fire (on tentacle)
 D - a +4 ring of protection (on tentacle)
 H - a +6 ring of strength (on tentacle)
 M - a ring of willpower (on tentacle)
 R - a ring of resist corrosion
Wands
 r - a wand of polymorph (11)
 x - a wand of acid (12)
 y - a wand of iceblast (21)
 A - a wand of flame (70)
Scrolls
 g - 2 scrolls of immolation
 k - 14 scrolls of teleportation
 v - 4 scrolls of torment
 G - 3 scrolls of fear
 I - a scroll of acquirement {unknown}
 J - 4 scrolls of blinking
 L - 4 scrolls of enchant weapon
 N - a scroll of summoning
 O - 7 scrolls of identify
 Q - a scroll of enchant armour
Potions
 c - 5 potions of lignification
 d - 3 potions of invisibility
 e - 4 potions of might
 f - 3 potions of cancellation
 h - a potion of ambrosia {unknown}
 i - 4 potions of haste
 j - 2 potions of berserk rage {unknown}
 o - 3 potions of mutation
 q - 2 potions of flight
 t - a potion of resistance {unknown}
 u - 2 potions of magic
 B - 2 potions of curing
 C - 2 potions of attraction {unknown}
 F - 2 potions of brilliance


   Skills:
 + Level 12.4 Fighting
 - Level 13.0 Dodging
 - Level 2.6 Stealth
 - Level 7.0 Spellcasting
 - Level 6.0 Conjurations
 - Level 8.0 Transmutations
 - Level 15.0 Earth Magic


You had 13 spell levels left.
You knew the following spells:

 Your Spells              Type           Power      Damage    Failure   Level
a - Sandblast             Erth           100%       2d20      0%          1
b - Stone Arrow           Conj/Erth      100%       3d13      1%          3
c - Lee's Rapid Deconstr  Erth           38%        3d20*     1%          5
d - Statue Form           Tmut/Erth      43%        N/A       8%          6

Your spell library contained the following spells:

 Spells                   Type           Power      Damage    Failure   Level
 Beastly Appendage        Tmut           100%       N/A       1%          1
 Foxfire                  Conj/Fire      100%       2x1d9     1%          1
 Magic Dart               Conj           100%       1d8       1%          1
 Passwall                 Tmut/Erth      54%        N/A       1%          2
 Searing Ray              Conj           86%        3d6       1%          2
 Wereblood                Tmut           53%        N/A       1%          2
 Petrify                  Tmut/Erth      65%        N/A       1%          4
 Spider Form              Tmut/Pois      16%        N/A       3%          3
 Conjure Flame            Conj/Fire      26%        6-21      4%          3
 Dazzling Flash           Conj/Hex       52%        N/A       4%          3
 Animate Skeleton         Necr           18%        N/A       5%          1
 Apportation              Tloc           18%        N/A       5%          1
 Pain                     Necr           36%        1d5       5%          1
 Hydra Form               Tmut           26%        N/A       5%          5
 Mephitic Cloud           Conj/Pois/Air  21%        N/A       7%          3
 Blink                    Tloc           N/A        N/A       9%          2
 Call Imp                 Summ           9%         N/A       9%          2
 Slow                     Hex            9%         N/A       9%          2
 Ice Form                 Ice/Tmut       32%        N/A       11%         4
 Confusing Touch          Hex            9%         N/A       16%         3
 Gell's Gravitas          Tloc           4%         N/A       16%         3
 Inner Flame              Hex/Fire       9%         N/A       16%         3
 Teleport Other           Tloc           9%         N/A       16%         3
 Vampiric Draining        Necr           4%         2d6       16%         3
 Fulminant Prism          Conj/Hex       13%        3d9       16%         4
 Iskenderun's Mystic Bla  Conj/Tloc      26%        2d7       16%         4
 Sticky Flame             Conj/Fire      26%        2d5       16%         4
 Yara's Violent Unravell  Hex/Tmut       16%        3d8       28%         5
 Fireball                 Conj/Fire      13%        3d7       41%         5
 Animate Dead             Necr           4%         N/A       47%         4
 Passage of Golubria      Tloc           N/A        N/A       47%         4
 Agony                    Necr           9%         N/A       83%         5
 Metabolic Englaciation   Hex/Ice        4%         N/A       83%         5
 Animate Armour           Summ/Erth      Unusable   N/A       N/A         4

Dungeon Overview and Level Annotations

Branches:
Dungeon (13/15)            Temple (1/1) D:7            Lair (6/6) D:11
 Shoals (0/4) Lair:2        Snake (0/4) Lair:2        Slime (0/5) Lair:6
    Orc (0/2) D:12
 Vaults: D:13-14

Altars:
Ashenzari
Cheibriados
Dithmenos
Elyvilon
Fedhas
Gozag
Hepliaklqana
Kikubaaqudgha
Makhleb
Nemelex Xobeh
Okawaru
Qazlal
Ru
Sif Muna
Trog
Uskayaw
Vehumet
Wu Jian
Xom
Yredelemnul
Zin
The Shining One
Jiyva

Shops:
Lair:5 :

Annotations:
D:11 exclusion: boulder beetle
Lair:1 3 runed translucent doors, Dunwar's ghost, journeyman GnCK; Imnulubo's ghost, novice TeFE
Lair:5 3 runed translucent doors, Cheivey's ghost, journeyman FoFi; Zenkrye's ghost, journeyman DjFE


Innate Abilities, Weirdness & Mutations

You cannot wear most types of armour.
You are amphibious.
You can wear up to eight rings at the same time.
Your skin changes colour to match your surroundings (Stealth+).
Your rubbery body absorbs attacks. (AC +1, EV +1)
((You are camouflaged near water. (Stealth+)))
You have tentacles for arms and can constrict up to eight enemies at once.


Message History

The death yak is heavily wounded.
The death yak is no longer distracted by gold.
The death yak bellows!
The death yak gores you!
* * * LOW HITPOINT WARNING * * *
You are too injured to fight recklessly!
You barely miss the death yak.
The death yak is heavily wounded.
The death yak gores you!
* * * LOW HITPOINT WARNING * * *
You feel better.
The death yak gores you but does no damage.
You feel better. The death yak barely misses you.
You hit the death yak but do no damage.
The death yak is poisoned.
You squeeze the death yak.
The death yak is heavily wounded.
The death yak misses you. The death yak gores you!
* * * LOW HITPOINT WARNING * * *
You hit the death yak.
The death yak looks as sick as possible!
The death yak is heavily wounded.
The death yak completely misses you.
Casting: Sandblast (safe; 0% risk of failure)
Confirm with . or Enter, or press ? or * to list all spells.
Aiming: Sandblast (safe; 0% risk of failure)
Press: ? - help, Shift-Dir - straight line, f/p - death yak
Aim: a death yak (heavily wounded, extremely poisoned, 94% to hit)
The blast of sand hits the death yak.
The death yak is severely wounded.
The death yak closely misses you.
Casting: Sandblast (safe; 0% risk of failure)
Confirm with . or Enter, or press ? or * to list all spells.
Aiming: Sandblast (safe; 0% risk of failure)
Press: ? - help, Shift-Dir - straight line, f/p - death yak
Aim: a death yak (severely wounded, very poisoned, 94% to hit)
The blast of sand hits the death yak!!
The death yak is almost dead.
The death yak gores you!!
You die...
Your body crumbles into a pile of gold.

#### ## ###..### .##
####...#..## ..##
##..........# ...#
#P..........## ...#
###..........# ...####
#######.@........##
....#.###...P#.Y..........#
..........................#
.................#.#.....##
#...............##.#P#.###
##........$>....########
#..............###.##
##...............##..##
##....................#


You could see a death yak (very poisoned).

Vanquished Creatures
  14 hydras
  3 catoblepae
  A centaur warrior (D:12)
  9 death yaks (Lair:5)
  A two-headed ogre (D:11)
  3 skeletal warriors (D:11)
  An ugly thing (D:12)
  A manticore (D:12)
  29 elephants
  A merfolk siren (Lair:2)
  7 black mambas
  11 cane toads
  A torpor snail (Lair:6)
  A gargoyle (D:10)
  Psyche (D:10)
  A kobold demonologist (D:10)
  8 komodo dragons
  7 rime drakes
  3 merfolk (Lair:2)
  3 trolls
  3 polar bears
  3 blink frogs (Lair:5)
  5 slime creatures (D:12)
  6 dream sheep
  3 shadows
  2 wraiths (D:11)
  8 wyverns
  8 basilisks
  60 yaks
  2 vampire mosquitoes (D:12)
  2 steam dragons (D:8)
  A warg (D:12)
  An acid dragon (D:8)
  2 nagas (Lair:2)
  5 water moccasins
  2 hornet zombies (D:8)
  3 orc warriors
  A sky beast (D:8)
  2 ice beasts
  3 black bears
  4 necrophages
  11 wolves
  4 ogres
  11 centaurs
  16 kobold brigands
  8 bullfrogs
  A water moccasin skeleton (D:6)
  10 killer bees
  An electric eel (Lair:1)
  11 wights
  2 howler monkeys
  4 centaur zombies
  4 orc priests
  3 jellies
  4 hounds
  A centaur skeleton (D:7)
  2 gnoll shamans
  An iguana (D:6)
  4 hell rats (Lair:4)
  7 orc wizards
  A killer bee zombie (D:5)
  2 howler monkey zombies
  7 adders
  9 gnolls
  A shadow imp (D:6)
  A white imp (D:7)
  An adder skeleton (D:4)
  A worm (D:2)
  A dart slug (D:4)
  20 orcs
  3 ball pythons
  6 bats
  3 endoplasms
  3 giant cockroaches
  7 goblins
  7 hobgoblins
  7 jackals
  A quokka (D:3)
  6 frilled lizards
  23 kobolds
  8 rats
455 creatures vanquished.

Vanquished Creatures (others)
  A bush (Lair:6)
  67 fungi
  73 plants
  12 withered plants
153 creatures vanquished.

Grand Total: 608 creatures vanquished

Notes
Turn   | Place    | Note
-------+----------+-------------------------------------------
     0 | D:1      | tardwrangler69 the Octopode Earth Elementalist began the
                  | quest for the Orb.
     0 | D:1      | Reached XP level 1. HP: 11/11 MP: 3/3
   243 | D:1      | Found a faded altar of an unknown god.
   257 | D:1      | Reached XP level 2. HP: 10/17 MP: 5/5
  1103 | D:2      | Found a shimmering altar of Xom.
  1185 | D:2      | Reached XP level 3. HP: 21/21 MP: 6/6
  1404 | D:2      | Reached skill level 4 in Earth Magic
  1983 | D:3      | Reached XP level 4. HP: 23/27 MP: 6/8
  1987 | D:3      | Learned a level 3 spell: Stone Arrow
  2413 | D:3      | You fall into a shaft and drop 3 floors!
  2414 | D:6      | Noticed a water moccasin
  2422 | D:6      | Killed a water moccasin
  2423 | D:6      | Reached skill level 5 in Earth Magic
  2423 | D:6      | Reached XP level 5. HP: 25/31 MP: 5/9
  2492 | D:6      | Noticed a centaur
  2559 | D:5      | Entered Level 5 of the Dungeon
  2560 | D:5      | Noticed an ogre
  2615 | D:5      | Reached XP level 6. HP: 36/36 MP: 9/11
  2767 | D:3      | Reached skill level 6 in Earth Magic
  3444 | D:4      | Reached XP level 7. HP: 41/41 MP: 10/13
  3450 | D:4      | Learned a level 5 spell: Lee's Rapid Deconstruction
  3776 | D:4      | Reached skill level 7 in Earth Magic
  4703 | D:5      | Reached XP level 8. HP: 46/46 MP: 12/15
  4961 | D:6      | Reached skill level 5 in Spellcasting
  4961 | D:6      | Reached skill level 1 in Conjurations
  4961 | D:6      | Reached skill level 8 in Earth Magic
  5860 | D:6      | Noticed a vampire
  6304 | D:7      | Found a staircase to the Ecumenical Temple.
  6309 | D:7      | Reached skill level 5 in Conjurations
  6316 | Temple   | Entered the Ecumenical Temple
  6636 | Temple   | Became a worshipper of Gozag Ym Sagoz the Greedy
  6720 | D:7      | Reached XP level 9. HP: 51/51 MP: 12/18
  8152 | D:8      | Reached skill level 9 in Earth Magic
  8464 | D:8      | Reached skill level 5 in Dodging
  8809 | D:8      | Reached XP level 10. HP: 51/56 MP: 16/19
  8920 | D:8      | Reached skill level 10 in Earth Magic
  9179 | D:8      | Found a sparkling altar of Nemelex Xobeh.
  9201 | D:8      | Found an iron altar of Okawaru.
  9206 | D:8      | Found a broken altar of Ashenzari.
  9446 | D:8      | Found a glowing golden altar of the Shining One.
  9661 | D:9      | Reached skill level 1 in Fighting
 10547 | D:10     | Entered Level 10 of the Dungeon
 10547 | D:10     | Noticed Psyche
 10549 | D:10     | Killed Psyche
 11115 | D:10     | Noticed a gargoyle
 11225 | D:10     | Noticed a kobold demonologist
 11251 | D:10     | Killed a kobold demonologist
 11252 | D:10     | Reached skill level 5 in Fighting
 11252 | D:10     | Reached XP level 11. HP: 59/72 MP: 9/20
 11627 | D:11     | Noticed a skeletal warrior
 11627 | D:11     | Noticed a skeletal warrior
 11637 | D:11     | Killed a skeletal warrior
 11861 | D:11     | Killed a skeletal warrior
 12064 | D:11     | Noticed a skeletal warrior
 12201 | D:11     | Killed a skeletal warrior
 12435 | D:11     | Found a staircase to the Lair.
 12632 | D:11     | Noticed a four-headed hydra
 12955 | D:11     | Noticed a boulder beetle
 13207 | D:11     | Killed a four-headed hydra
 13284 | D:11     | Noticed a two-headed ogre
 13288 | D:11     | Killed a two-headed ogre
 13289 | D:11     | Reached skill level 10 in Fighting
 13743 | D:12     | Noticed a purple ugly thing
 13772 | D:12     | Noticed a manticore
 13777 | D:12     | Killed a manticore
 13839 | D:12     | Noticed a centaur warrior
 14359 | D:12     | Killed a centaur warrior
 14360 | D:12     | Reached XP level 12. HP: 29/87 MP: 5/21
 15016 | D:12     | Reached skill level 10 in Dodging
 15101 | D:12     | Reached skill level 11 in Earth Magic
 15767 | D:12     | Found a staircase to the Orcish Mines.
 16184 | D:13     | Noticed a centaur warrior
 16404 | Lair:1   | Entered Level 1 of the Lair of Beasts
 16922 | Lair:1   | Noticed a seven-headed hydra
 17029 | Lair:1   | Killed a seven-headed hydra
 17030 | Lair:1   | Reached skill level 12 in Earth Magic
 17672 | Lair:1   | Found a runed translucent gate.
 17674 | Lair:1   | Noticed Imnulubo's ghost (novice TeFE)
 17674 | Lair:1   | Noticed Dunwar's ghost (journeyman GnCK)
 17675 | Lair:1   | Found a runed translucent gate.
 17675 | Lair:1   | Found a runed translucent gate.
 18249 | Lair:2   | Noticed a five-headed hydra
 18253 | Lair:2   | Killed a five-headed hydra
 18254 | Lair:2   | Reached skill level 13 in Earth Magic
 18783 | Lair:2   | Found a staircase to the Shoals.
 19262 | Lair:2   | Noticed a seven-headed hydra
 19275 | Lair:1   | Reached XP level 13. HP: 22/92 MP: 1/22
 19696 | Lair:2   | Reached skill level 14 in Earth Magic
 20553 | Lair:2   | Found a staircase to the Snake Pit.
 21002 | Lair:3   | You fall into a shaft and drop 3 floors!
 21002 | Lair:6   | Entered Level 6 of the Lair of Beasts
 21612 | Lair:5   | Found a runed translucent gate.
 21612 | Lair:5   | Found a runed translucent gate.
 21652 | Lair:5   | Reached skill level 15 in Earth Magic
 21773 | Lair:5   | Found a runed translucent gate.
 21777 | Lair:5   | Noticed Zenkrye's ghost (journeyman DjFE)
 21777 | Lair:5   | Noticed Cheivey's ghost (journeyman FoFi)
 22383 | Lair:3   | Found a snail-covered altar of Cheibriados.
 25977 | Lair:4   | Reached XP level 14. HP: 66/99 MP: 0/24
 27857 | Lair:5   | Bought Sif Muna's Handbook of Displaced Earth for 1450 gold
                  | pieces
 27864 | Lair:5   | Learned a level 6 spell: Statue Form
 29430 | Lair:6   | Reached skill level 5 in Transmutations
 31680 | Lair:6   | Found a staircase to the Slime Pits.
 31681 | Lair:6   | Found a viscous altar of Jiyva.
 31795 | Lair:6   | Reached XP level 15. HP: 95/107 MP: 9/25
 33705 | Lair:5   | Slain by a death yak

Illustrated notes

Levels and vault maps discovered:
D:1:      saegor_arrival_miasma, layout_rooms,
          ebering_ecumenical_altar_petrified
D:2:      layout_basic, basic_altar
D:3:      layout_basic, corexii_leaking_fountain
D:4:      layout_cave_pools
D:5:      layout_rooms
D:6:      layout_cave_pods, hangedman_minor_gate_pass
D:7:      layout_gridville, temple_fountains
D:8:      layout_cave_pools, minmay_overflow_temple_star_quad,
          amcnicky_altar_gilded, minmay_alternating_orb
D:9:      layout_basic, minmay_misc_feat_ornament, kennysheep_potato
D:10:     layout_loops_cross, special_room [special_room_kobold], uniq_psyche
D:11:     layout_roguey, lair_entry_dummy
D:12:     layout_layer_cave, david_orc_1_choice
D:13:     layout_long_grid, grunt_vaults_entry_tiered, kennysheep_minor_cross,
          uniq_frances, uniq_erolcha
Temple:   hc_temple_tempest_star
Lair:1:   layout_roguey, gammafunk_ghost_cemetery, serial_bayou_shore_a
Lair:2:   layout_regular_city, elwin_shoals_entry_stream,
          guppyfry_snake_entry_island, grunt_megastairs_5, serial_bayou_shore_b,
          lemuel_fruit_fields
Lair:3:   layout_roguey, basic_altar, beast_lair_carwin_11, lemuel_fruit_tree
Lair:4:   layout_small_grid, special_room [special_room_mythical_zoo]
Lair:5:   layout_cellular_growth, gammafunk_ghost_cemetery
Lair:6:   evilmike_catoblepas_cave, layout_regular_city, slime_altar_1,
          infiniplex_staircase_pool_2

Skill      XL: |  1  2  3  4  5  6  7  8  9 10 11 12 13 14 15 |
---------------+----------------------------------------------+-----
Earth Magic    | 4 5 6 7 8 9 10 13 15 | 15.0
Spellcasting   | 3 4 6 7 |  7.0
Conjurations   | 5 6 |  6.0
Dodging        | 5 8 9 10 12 13 | 13.0
Fighting       | 5 10 11 12 | 12.4
Transmutations | 7 8 |  8.0
Stealth        | |  2.6

Action                   |  1- 3 |  4- 6 |  7- 9 | 10-12 | 13-15 || total
-------------------------+-------+-------+-------+-------+-------++-------
Melee: Unarmed           |    21 |       |       |       |       ||    21
       Dagger            |    76 |    24 |    43 |       |       ||   143
       Constrict         |    23 |     4 |    19 |    17 |     5 ||    68
       Tentacles         |    12 |     3 |    11 |    35 |    55 ||   116
       Short sword       |       |       |    29 |   121 |   132 ||   282
       Rapier            |       |       |       |       |    33 ||    33
 Cast: Sandblast         |     4 |    24 |    90 |    90 |   168 ||   376
       Stone Arrow       |       |       |    26 |   133 |   308 ||   467
       Lee's Rapid Decon |       |       |     1 |    34 |    30 ||    65
Invok: Call Merchant     |       |       |       |       |     1 ||     1
Evoke: Wand              |       |       |       |     8 |     6 ||    14
  Use: Scroll            |       |     7 |     1 |    19 |     1 ||    28
       Potion            |       |       |       |       |     6 ||     6
 Stab: Sleeping          |    10 |     3 |     3 |     2 |       ||    18
       Distracted        |       |       |       |       |     1 ||     1
Armor: Skin              |     6 |     2 |    26 |    36 |   102 ||   172
Dodge: Dodged            |    77 |    25 |   116 |   189 |   493 ||   900

Table legend: (Time is in decaauts)
 A = Elapsed time spent in this place.
 B = Non-inter-level travel time spent in this place.
 C = Inter-level travel time spent in this place.
 D = Time resting spent in this place.
 E = Time spent auto-exploring this place.
 F = Levels seen in this place.
 G = Mean time per level.
                   A        B        C        D        E       F      G
               +--------+--------+--------+--------+--------+-----+--------+
         Total |  33795 |  32358 |   1437 |   4060 |  24381 |  20 | 1689.8 |
       Dungeon |  16103 |  15410 |    693 |   2281 |  11272 |  13 | 1238.7 |
        Temple |    329 |    293 |     36 |      0 |    292 |   1 |  329.0 |
          Lair |  17361 |  16654 |    707 |   1779 |  12817 |   6 | 2893.5 |
               +--------+--------+--------+--------+--------+-----+--------+

Top non-repeatable levels by time:
  Lair:5: 6380 daAuts
  Lair:4: 3009 daAuts
  Lair:1: 2991 daAuts
  Lair:6: 2466 daAuts
    D:12: 2357 daAuts
    D:10: 1757 daAuts
    D:11: 1749 daAuts
     D:7: 1646 daAuts
  Lair:2: 1588 daAuts
     D:5: 1450 daAuts
     D:8: 1289 daAuts
     D:3: 1201 daAuts
     D:6: 1105 daAuts
     D:1: 1075 daAuts
     D:9: 959 daAuts
